 Dungeon Crawl Stone Soup version 0.30.0-20-g3615ddf2f0 (webtiles) character file.

Game seed: 149894789135551873

2978 qw the Cleaver (level 9, -8/56 HPs)
             Began as a Gargoyle Fighter on June 1, 2023.
             Was a Priest of Okawaru.
             Killed from afar by a fire dragon (36 damage)
             ... with a blast of flame
             ... on level 10 of the Dungeon.
             The game lasted 00:02:59 (5759 turns).

qw the Cleaver (Gargoyle Fighter)                   Turns: 5759, Time: 00:02:59

Health: -8/56      AC: 19    Str: 23    XL:     9   Next: 82%
Magic:  11/12      EV: 10    Int: 10    God:    Okawaru [***...]
Gold:   311        SH:  6    Dex:  9    Spells: 8/8 levels left

rFire   . . .        Y - +0 war axe
rCold   . . .        c - +0 buckler
rNeg    + . .        n - +0 chain mail
rPois   inf          (no helmet)
rElec   +            (no cloak)
rCorr   .            h - +0 pair of gloves
SInv    .            (no boots)
Will    .....        k - amulet of faith
Stlth   +            (no ring)
HPRegen 1.09/turn    (no ring)
MPRegen 0.13/turn

%: clarity, faith
@: about to teleport, heroic
A: sickness immunity, AC +6, negative energy resistance 1, electricity
resistance, torment resistance 1, petrification resistance, camouflage 1,
clarity, regeneration 1
a: Renounce Religion, Heroism


You were on level 10 of the Dungeon.
You worshipped Okawaru.
Okawaru was most pleased with you.
You visited 2 branches of the dungeon, and saw 9 of its levels.

You collected 311 gold pieces.


Innate Abilities, Weirdness & Mutations

You are immune to sickness and miasma.
Your stone body is resilient. (AC +6)
You are immune to poison.
You resist negative energy. (rN+)
You are resistant to electric shocks. (rElec)
You are resistant to unholy torment.
You are immune to petrification.
Your skin changes colour to match your surroundings (Stealth+).
You possess an exceptional clarity of mind.
Your natural rate of healing is unusually fast.


   Skills:
 + Level 6.4(11.4) Fighting
 - Level 9.0(14.0) Axes
 - Level 2.0(7.0) Throwing
 - Level 4.7(9.7) Armour
 - Level 1.0(6.0) Dodging
 - Level 6.0(11.0) Shields
 - Level 4.4 Invocations


You had 8 spell levels left.
You didn't know any spells.
Your spell library was empty.

Inventory:

Hand Weapons
 l - a +0 flail
 Y - a +0 war axe (weapon)
Missiles
 g - 3 silver boomerangs
 r - 2 javelins (quivered)
Armour
 c - a +0 buckler (worn)
 h - a +0 pair of gloves (worn)
 n - a +0 chain mail (worn)
 q - a +0 cloak
 u - a +0 plate armour
Jewellery
 k - an amulet of faith (around neck)
 m - a ring of fire
 s - an amulet of reflection
 t - a +6 ring of intelligence
Scrolls
 a - 4 scrolls of identify
 p - 2 scrolls of teleportation
Potions
 b - a potion of lignification
 d - 2 potions of might
 e - 2 potions of attraction
 f - 3 potions of heal wounds
 i - a potion of cancellation
 j - a potion of curing
 o - a potion of haste

Dungeon Overview and Level Annotations

Branches:
Dungeon (7/15)             Temple (1/1) D:4

Altars:
Ashenzari
Cheibriados
Dithmenos
Elyvilon
Fedhas
Gozag
Hepliaklqana
Kikubaaqudgha
Makhleb
Nemelex Xobeh
Okawaru
Qazlal
Ru
Sif Muna
Trog
Uskayaw
Vehumet
Wu Jian
Yredelemnul
Zin
The Shining One

Shops:
D:5 *


Message History

5750 ||| INVOKING Heroism.
You gain the combat prowess of a mighty hero.
You can no longer speed up your combat.
You block the fire dragon's attack. The fire dragon claws you.
The fire dragon tramples you but does no damage.
You see here a killer bee corpse.
You hit the fire dragon but do no damage.
You slash the fire dragon!
The fire dragon is lightly wounded.
The fire dragon breathes flames at you. The blast of flame hits you!
You hear an angry buzzing noise.
You closely miss the fire dragon.
The fire dragon is lightly wounded.
You block the fire dragon's attack. The fire dragon claws you.
The fire dragon closely misses you.
You barely miss the fire dragon.
The fire dragon is lightly wounded.
The fire dragon breathes flames at you. The blast of flame hits you!!
You barely miss the fire dragon.
The fire dragon is lightly wounded.
The fire dragon breathes flames at you. The blast of flame hits you!
5757 ||| READING 3 scrolls of teleportation.
As you read the scroll of teleportation, it crumbles to dust.
You feel strangely unstable.
A killer bee comes into view.
You block the fire dragon's attack. The fire dragon claws you.
The fire dragon closely misses you.
5758 ||| DRINKING 4 potions of heal wounds.
You feel much better. The fire dragon misses you.
The fire dragon completely misses you. You block the fire dragon's attack.
You hit the fire dragon.
The fire dragon is lightly wounded.
The fire dragon breathes flames at you. The blast of flame hits you!!!
Ouch! That really hurt!
You die...

..#########.).....#####...##
.## ########......#.##
.######################....#
.................# ##..##
################.# ##.# #.#
#.## #.#### ##.# #.%..# ###
#@##.# ......D.# # ......#.#
#...###.# ... #.# .. #.# #
#(# #.#


You could see a fire dragon (catching breath).

Vanquished Creatures
  Sonja (D:10)
  A wyvern (D:10)
  A steam dragon (D:7)
  2 water moccasins
  An ice beast (D:6)
  2 black bears
  A sky beast (D:6)
  An ogre (D:6)
  A kobold brigand (D:4)
  2 phantoms (D:6)
  2 bullfrogs
  A gnoll sergeant (D:7)
  3 scorpions
  4 killer bees (D:10)
  A howler monkey (D:6)
  2 jellies
  3 hounds
  An orc priest (D:3)
  3 sleepcaps
  Ijyb (D:4)
  3 iguanas
  12 gnolls
  3 adders
  A shadow imp (D:6)
  A white imp (D:3)
  2 ufetubi
  3 worms (D:3)
  5 dart slugs
  11 orcs
  7 endoplasms
  7 giant cockroaches
  4 goblins
  8 hobgoblins
  14 jackals
  7 kobolds
  5 quokkas
  9 ball pythons
  6 bats
  4 frilled lizards
  6 rats
152 creatures vanquished.

Notes
Turn   | Place    | Note
-------+----------+-------------------------------------------
     0 | D:1      | qw the Gargoyle Fighter began the quest for the Orb.
     0 | D:1      | Reached XP level 1. HP: 14/14 MP: 1/1
     0 | D:1      | 0 ||| qw: Version: 0.2-a-102-gdf20003
     0 | D:1      | 0 ||| qw: Game counter: 700
     0 | D:1      | 0 ||| qw: Always use a shield: true
     0 | D:1      | 0 ||| qw: God list: Okawaru
     0 | D:1      | 0 ||| qw: Allow faded altars: false
     0 | D:1      | 0 ||| qw: Do Orc after D:15 true
     0 | D:1      | 0 ||| qw: Do second Lair branch before Depths: true
     0 | D:1      | 0 ||| qw: Lair rune preference: random
     0 | D:1      | 0 ||| qw: Plans: Normal, Zot:1-4, Slime:5, God:TSO, Crypt,
                  | Tomb, Pan, Hells, Abyss, Win
     0 | D:1      | 0 ||| PLANNING D:1-11
    38 | D:1      | Reached skill level 2 in Axes
    61 | D:1      | 61 ||| FLEEEEING.
    64 | D:1      | 64 ||| FLEEEEING.
   202 | D:1      | Reached XP level 2. HP: 19/19 MP: 2/2
   300 | D:1      | 300 ||| Stepping ~*~*~tactically~*~*~ (stealth).
   339 | D:1      | 339 ||| Stepping ~*~*~tactically~*~*~ (hiding).
   519 | D:1      | Reached skill level 3 in Axes
   576 | D:1      | Reached XP level 3. HP: 17/23 MP: 3/3
   604 | D:1      | 604 ||| Stepping ~*~*~tactically~*~*~ (stealth).
   616 | D:1      | 616 ||| Stepping ~*~*~tactically~*~*~ (stealth).
   755 | D:1      | 755 ||| Stepping ~*~*~tactically~*~*~ (hiding).
   758 | D:1      | 758 ||| Stepping ~*~*~tactically~*~*~ (hiding).
   900 | D:1      | 900 ||| DROPPING +0 club.
   978 | D:1      | 978 ||| UPGRADING to amulet of regeneration.
   983 | D:1      | 983 ||| READING 3 scrolls labelled FAUCRO NOWUM.
   984 | D:1      | 984 ||| READING scroll labelled IGAYRCH RURAIG.
   985 | D:1      | 985 ||| READING 2 scrolls of identify.
   985 | D:1      | 985 ||| IDENTIFYING white potion
  1111 | D:2      | Identified the staff of conjuration "Ossos" {Int+4}
  1304 | D:2      | Reached XP level 4. HP: 28/28 MP: 4/4
  1440 | D:2      | Found a shadowy altar of Dithmenos.
  1594 | D:2      | 1594 ||| UPGRADING to +0 pair of gloves.
  1599 | D:2      | 1599 ||| UPGRADING to +0 chain mail.
  1609 | D:2      | 1609 ||| DROPPING +0 scale mail.
  1610 | D:2      | 1610 ||| READING 2 scrolls labelled QIRYEVOMIEB.
  1611 | D:2      | 1611 ||| READING scroll labelled KEOPIO PIOTZ.
  1612 | D:2      | 1612 ||| DRINKING 2 fizzy black potions.
  1612 | D:2      | Gained mutation: Potions are less effective at restoring
                  | your health. [potion of mutation]
  1613 | D:2      | 1613 ||| DRINKING potion of mutation.
  1613 | D:2      | Lost mutation: Potions are less effective at restoring your
                  | health. [potion of mutation]
  1613 | D:2      | Gained mutation: You possess an exceptional clarity of
                  | mind. [potion of mutation]
  1613 | D:2      | Gained mutation: Your natural rate of healing is unusually
                  | fast. [potion of mutation]
  1613 | D:2      | Gained mutation: Your skin changes colour to match your
                  | surroundings (Stealth+). [potion of mutation]
  1614 | D:2      | 1614 ||| DROPPING scroll of fear.
  1647 | D:3      | Reached skill level 4 in Axes
  1767 | D:3      | Reached XP level 5. HP: 32/32 MP: 5/5
  1793 | D:3      | 1793 ||| Stepping ~*~*~tactically~*~*~ (hiding).
  2135 | D:3      | 2135 ||| UPGRADING to amulet of faith.
  2145 | D:3      | 2145 ||| READING scroll labelled TUPSAF GUOFI.
  2146 | D:3      | 2146 ||| READING scroll labelled GULOIVUWNA.
  2150 | D:3      | 2150 ||| READING 3 scrolls of identify.
  2150 | D:3      | 2150 ||| IDENTIFYING metallic emerald potion
  2151 | D:3      | 2151 ||| READING 2 scrolls of identify.
  2151 | D:3      | 2151 ||| IDENTIFYING yellow potion
  2171 | D:4      | Reached skill level 5 in Axes
  2193 | D:4      | Found a staircase to the Ecumenical Temple.
  2194 | D:4      | 2194 ||| PLANNING TEMPLE
  2204 | Temple   | Entered the Ecumenical Temple
  2241 | Temple   | 2241 ||| PLANNING OKAWARU WORSHIP
  2407 | Temple   | Became a worshipper of Warmaster Okawaru
  2407 | Temple   | 2407 ||| PLANNING D:1-11
  2483 | D:4      | Reached XP level 6. HP: 37/37 MP: 6/6
  2524 | D:4      | Noticed a black bear
  2535 | D:4      | Killed a black bear
  2535 | D:4      | Reached * piety under Okawaru
  2608 | D:4      | Noticed Ijyb
  2609 | D:4      | 2609 ||| Stepping ~*~*~tactically~*~*~ (hiding).
  2611 | D:4      | 2611 ||| INVOKING Heroism.
  2617 | D:4      | Killed Ijyb
  2683 | D:4      | Reached XP level 7. HP: 44/44 MP: 7/7
  2701 | D:4      | 2701 ||| Stepping ~*~*~tactically~*~*~ (stealth).
  2791 | D:4      | Reached skill level 1 in Invocations
  3338 | D:4      | 3338 ||| DRINKING 2 amethyst potions.
  3339 | D:4      | 3339 ||| READING 4 scrolls of identify.
  3339 | D:4      | 3339 ||| IDENTIFYING metallic amethyst potion
  3340 | D:4      | 3340 ||| READING 3 scrolls of identify.
  3340 | D:4      | 3340 ||| IDENTIFYING lumpy purple potion
  3341 | D:4      | 3341 ||| DROPPING potion of degeneration.
  3365 | D:5      | Entered Level 5 of the Dungeon
  3375 | D:5      | Found Sazurcha's Elemental Accessories.
  3476 | D:5      | 3476 ||| Stepping ~*~*~tactically~*~*~ (stealth).
  3504 | D:5      | 3504 ||| Stepping ~*~*~tactically~*~*~ (stealth).
  3505 | D:5      | 3505 ||| Stepping ~*~*~tactically~*~*~ (stealth).
  3506 | D:5      | 3506 ||| Stepping ~*~*~tactically~*~*~ (stealth).
  3507 | D:5      | 3507 ||| Stepping ~*~*~tactically~*~*~ (stealth).
  3515 | D:5      | 3515 ||| Stepping ~*~*~tactically~*~*~ (stealth).
  3516 | D:5      | 3516 ||| Stepping ~*~*~tactically~*~*~ (stealth).
  3555 | D:5      | 3555 ||| INVOKING Heroism.
  3561 | D:5      | Reached skill level 6 in Axes
  3648 | D:5      | Reached skill level 3 in Invocations
  3662 | D:5      | 3662 ||| INVOKING Heroism.
  3998 | D:5      | 3998 ||| FLEEEEING.
  4004 | D:5      | 4004 ||| FLEEEEING.
  4005 | D:5      | 4005 ||| FLEEEEING.
  4006 | D:5      | 4006 ||| FLEEEEING.
  4011 | D:5      | 4011 ||| STAIRDANCE
  4113 | D:4      | 4113 ||| READING scroll labelled LIZXYMPADD.
  4114 | D:4      | 4114 ||| READING scroll labelled KUFIRY XOIPH.
  4115 | D:4      | 4115 ||| READING 4 scrolls of identify.
  4115 | D:4      | 4115 ||| IDENTIFYING clear potion
  4243 | D:6      | 4243 ||| STAIRDANCE
  4246 | D:5      | Reached skill level 1 in Dodging
  4278 | D:6      | 4278 ||| INVOKING Heroism.
  4284 | D:6      | Reached XP level 8. HP: 43/48 MP: 7/11
  4292 | D:6      | Reached ** piety under Okawaru
  4293 | D:6      | Reached skill level 7 in Axes
  4420 | D:6      | 4420 ||| INVOKING Heroism.
  4547 | D:6      | 4547 ||| Stepping ~*~*~tactically~*~*~ (stealth).
  4560 | D:6      | 4560 ||| INVOKING Heroism.
  4584 | D:6      | Reached skill level 8 in Axes
  4731 | D:6      | Found a shimmering blue altar of Sif Muna.
  4936 | D:6      | Reached skill level 6 in Fighting
  4989 | D:6      | 4989 ||| Stepping ~*~*~tactically~*~*~ (stealth).
  5205 | D:6      | 5205 ||| DROPPING amulet of regeneration.
  5206 | D:6      | 5206 ||| READING 5 scrolls of identify.
  5206 | D:6      | 5206 ||| IDENTIFYING sedimented ruby potion
  5207 | D:6      | 5207 ||| DROPPING potion of berserk rage.
  5289 | D:7      | 5289 ||| Stepping ~*~*~tactically~*~*~ (stealth).
  5296 | D:7      | Reached XP level 9. HP: 55/55 MP: 12/12
  5334 | D:7      | Reached *** piety under Okawaru
  5357 | D:7      | Found a basalt altar of Yredelemnul.
  5359 | D:7      | Noticed a profane servitor
  5368 | D:7      | Found a glowing golden altar of the Shining One.
  5377 | D:7      | Noticed an angel
  5404 | D:7      | 5404 ||| Stepping ~*~*~tactically~*~*~ (cloud).
  5405 | D:7      | 5405 ||| Stepping ~*~*~tactically~*~*~ (cloud).
  5406 | D:7      | 5406 ||| Stepping ~*~*~tactically~*~*~ (cloud).
  5407 | D:7      | 5407 ||| INVOKING Heroism.
  5415 | D:7      | 5415 ||| Stepping ~*~*~tactically~*~*~ (cloud).
  5502 | D:7      | Reached skill level 9 in Axes
  5523 | D:7      | You fall into a shaft and drop 3 floors!
  5523 | D:10     | Entered Level 10 of the Dungeon
  5585 | D:10     | Noticed Sonja
  5588 | D:10     | 5588 ||| Stepping ~*~*~tactically~*~*~ (hiding).
  5589 | D:10     | 5589 ||| Stepping ~*~*~tactically~*~*~ (hiding).
  5602 | D:10     | Killed Sonja
  5602 | D:10     | Reached **** piety under Okawaru
  5603 | D:10     | Reached skill level 6 in Shields
  5714 | D:10     | 5714 ||| INVOKING Heroism.
  5746 | D:10     | Noticed a fire dragon
  5747 | D:10     | 5747 ||| Stepping ~*~*~tactically~*~*~ (hiding).
  5750 | D:10     | 5750 ||| INVOKING Heroism.
  5756 | D:10     | HP: 5/56 [fire dragon/blast of flame (11)]
  5757 | D:10     | 5757 ||| READING 3 scrolls of teleportation.
  5758 | D:10     | 5758 ||| DRINKING 4 potions of heal wounds.
  5759 | D:10     | Killed from afar by a fire dragon

Levels and vault maps discovered:
D:1:      amcnicky_arrival_abandoned_market, layout_basic,
          amcnicky_mini_pool_small
D:2:      layout_loops_ring, basic_altar
D:3:      layout_basic
D:4:      layout_basic, minmay_temple_entry_glassed_door, uniq_ijyb
D:5:      layout_loops_ring, grunt_decor_cap, nicolae_elemental_shop
D:6:      layout_loops_ring, nicolae_sif_muna_condensation
D:7:      layout_rooms, grunt_temple_overflow_holy_war
D:10:     minmay_the_grid_3x3 [minmay_the_grid_eight, minmay_the_grid_slots,
          minmay_the_grid_odd_star, minmay_the_grid_gridbox,
          minmay_the_grid_garden, minmay_the_grid_tiny_cups,
          minmay_the_grid_spikes, minmay_the_grid_minigrid_medium,
          minmay_the_grid_prize_four_corners], layout_cave_pods,
          kennysheep_dice, uniq_nergalle, uniq_sonja
Temple:   mainiacjoe_temple_bowtie_tessellation

Skill      XL: |  1  2  3  4  5  6  7  8  9 |
---------------+----------------------------+-----
Axes           | 2 3 4 5 6 8 9 |  9.0
Throwing       | 2 |  2.0
Fighting       | 4 6 |  6.4
Invocations    | 4 |  4.4
Dodging        | 1 |  1.0
Armour         | 4 |  4.7
Shields        | 6 |  6.0

Action                     |  1- 3 |  4- 6 |  7- 9 || total
---------------------------+-------+-------+-------++-------
  Melee: War axe           |   123 |   112 |   264 ||   499
  Throw: Javelin           |       |    14 |    31 ||    45
 Invoke: Heroism           |       |     1 |     8 ||     9
    Use: Scroll            |     3 |     6 |     7 ||    16
         Potion            |       |     2 |     2 ||     4
 Armour: Scale mail        |    70 |    11 |       ||    81
         Chain mail        |       |    67 |   206 ||   273
  Dodge: Dodged            |    52 |    48 |   125 ||   225
  Block: Buckler           |    26 |    23 |    56 ||   105

Table legend:
 A = Non-vault XP
 B = Vault XP
 C = Vault XP percentage of total XP
 D = Non-vault monster count
 E = Vault monster count
 F = Vault count percentage of total count
                 A         B        C        D         E       F
            +---------+---------+-------+---------+---------+-------
      Total |    3427 |     828 |  19.5 |     150 |       2 |   1.3
            +---------+---------+-------+---------+---------+-------
        D:1 |      52 |       0 |   0.0 |      29 |       0 |   0.0
        D:2 |      44 |       0 |   0.0 |      24 |       0 |   0.0
        D:3 |     138 |       0 |   0.0 |      21 |       0 |   0.0
        D:4 |     386 |      36 |   8.5 |      24 |       1 |   4.0
        D:5 |     429 |       0 |   0.0 |      15 |       0 |   0.0
        D:6 |    1264 |       0 |   0.0 |      19 |       0 |   0.0
        D:7 |     651 |       0 |   0.0 |      13 |       0 |   0.0
       D:10 |     463 |     792 |  63.1 |       5 |       1 |  16.7
            +---------+---------+-------+---------+---------+-------
